 Dungeon Crawl Stone Soup version 0.28-a0-628-g3c9886e45e (webtiles) character file.

Game seed: 10315154414268869140

46 mordus the Poker (level 3, -1/31 HPs)
             Began as a Hill Orc Monk on Oct 8, 2021.
             Slain by a goblin (3 damage)
             ... led by Robin
             ... on level 1 of the Dungeon.
             The game lasted 00:03:35 (1981 turns).

mordus the Poker (Hill Orc Monk)                    Turns: 1981, Time: 00:03:35

Health: -1/31      AC:  3    Str: 14    XL:     3   Next: 68%
Magic:  3/3        EV: 12    Int: 10    God:
Gold:   45         SH:  0    Dex: 13    Spells: 2/2 levels left

rFire   . . .      SeeInvis .   a - +0 spear
rCold   . . .      Faith    .   (no shield)
rNeg    . . .      Spirit   .   e - +0 leather armour
rPois   .          Reflect  .   (no helmet)
rElec   .          Harm     .   (no cloak)
rCorr   .          Rampage  .   (no gloves)
Will    .....                   (no boots)
Stlth   ++........              (no amulet)
HPRegen 0.10/turn               (no ring)
MPRegen 0.08/turn               (no ring)

@: no status effects
A: no striking features
a: no special abilities


You were on level 1 of the Dungeon.
You visited 1 branch of the dungeon, and saw 2 of its levels.

You collected 45 gold pieces.

Inventory:

Hand Weapons
 a - a +0 spear (weapon)
Armour
 b - a +0 robe
 e - a +0 leather armour (worn)
Scrolls
 f - a scroll of acquirement {unknown}
 g - a scroll of holy word {unknown}
Potions
 c - a potion of haste {unknown}
 d - a potion of lignification {unknown}


   Skills:
 - Level 3.6 Fighting
 * Level 4.5 Polearms
 + Level 1.7 Armour
 - Level 2.4 Dodging
 - Level 1.5 Stealth


You had 2 spell levels left.
You didn't know any spells.
Your spell library contained the following spells:

 Spells                   Type           Power      Damage    Failure   Level
 Sublimation of Blood     Necr           0%         N/A       56%         2
 Wereblood                Tmut           0%         N/A       56%         2
 Summon Hydra             Summ           0%         N/A       100%        7


Dungeon Overview and Level Annotations

Branches:
Dungeon (2/15)

Altars:

Annotations:
D:2 Robin


Message History

Robin's bangles clink loudly.
Robin throws the goblin at you! The goblin closely misses you.
The goblin barely misses you. x2
You climb upwards.
There is a stone staircase leading down here.
You barely miss the goblin. The goblin barely misses you.
The goblin hits you with a +0 dagger. The goblin closely misses you.
The goblin hits you with a +0 club. x2
You barely miss the goblin. The goblin hits you but does no damage.
The goblin hits you with a +0 dagger. x2; The goblin barely misses you.
You hit the goblin.
You kill the goblin!
The goblin closely misses you. The goblin hits you with a +0 club.
The goblin hits you with a +0 dagger.
You see here a +0 dagger.
The goblin barely misses you.
You barely miss the goblin. You barely miss the goblin.
The goblin barely misses you.
You hit the goblin but do no damage. The goblin hits you with a +0 club.
* * * LOW HITPOINT WARNING * * *
You hit the goblin.
The goblin is heavily wounded.
The goblin hits you with a +0 club.
* * * LOW HITPOINT WARNING * * *
You hit the goblin.
You kill the goblin!
You hit the goblin.
The goblin is heavily wounded.
The goblin barely misses you.
You hit the goblin.
You kill the goblin!
You hit the goblin.
You kill the goblin!
The goblin hits you with a +0 dagger.
* * * LOW HITPOINT WARNING * * *
Items here: ))) ††.
You hit the goblin.
The goblin is heavily wounded.
The goblin hits you with a +0 dagger.
You die...

### ###
#.####################.#
#.........†.)..........#
#.####################.#
#.##...................#
#.##.###################
####.##.# ##########
..##.##)####..)g@...#
.............>#####.#
......#.####†)# #.#
....###.# #..# #.# ....#
#.# #..# #.# ....#
#.####..#####.# ..###
#.............#
###################.#
≈≈.......##.....#...#


You could see a goblin (strong).

Vanquished Creatures
  3 ball pythons (D:1)
  3 endoplasms (D:1)
  A giant cockroach (D:1)
  9 goblins (D:1)
  3 hobgoblins (D:1)
  7 kobolds (D:1)
  5 quokkas (D:1)
  3 bats (D:1)
  A frilled lizard (D:1)
  4 rats (D:1)
39 creatures vanquished.

Notes
Turn   | Place    | Note
-------+----------+-------------------------------------------
     0 | D:1      | mordus the Hill Orc Monk began the quest for the Orb.
     0 | D:1      | Reached XP level 1. HP: 19/19 MP: 1/1
   297 | D:1      | Reached XP level 2. HP: 2/26 MP: 2/2
   621 | D:1      | Reached skill level 1 in Armour
   729 | D:1      | Reached skill level 4 in Polearms
   979 | D:1      | Reached XP level 3. HP: 11/31 MP: 3/3
  1226 | D:1      | Found a faded altar of an unknown god.
  1962 | D:2      | Noticed Robin
  1980 | D:1      | HP: 1/31 [goblin[Robin] (3)]
  1981 | D:1      | Slain by a goblin

Illustrated notes

Levels and vault maps discovered:
D:1:      dpeg_arrival_more_subterranean_lakeside_camping, layout_basic,
          shapermc_ecumenical_altar_mp_vishouse, corexii_item_surrounded_by_moat
D:2:      layout_loops_ring, kennysheep_cross_room, serial_bayou_lagoon_a,
          chequers_serial_rivers_small_b, grunt_decor_mini_mirrors,
          columned_hall_lemuel, uniq_natasha, uniq_robin, uniq_terence

Skill      XL: |  1  2 |
---------------+-------+-----
Armour         | 1 |  1.7
Polearms       | 4 |  4.5
Fighting       | |  3.6
Dodging        | |  2.4
Stealth        | |  1.5

Action                   || total
-------------------------++-------
Melee: Spear             ||   138
Armor: Robe              ||    16
       Leather armour    ||    10
Dodge: Dodged            ||    66

Table legend: (Time is in decaauts)
 A = Elapsed time spent in this place.
 B = Non-inter-level travel time spent in this place.
 C = Inter-level travel time spent in this place.
 D = Time resting spent in this place.
 E = Time spent auto-exploring this place.
 F = Levels seen in this place.
 G = Mean time per level.
                   A        B        C        D        E       F      G
               +--------+--------+--------+--------+--------+-----+--------+
         Total |   1969 |   1948 |     21 |    932 |    770 |   2 |  984.5 |
       Dungeon |   1969 |   1948 |     21 |    932 |    770 |   2 |  984.5 |
               +--------+--------+--------+--------+--------+-----+--------+

Top non-repeatable levels by time:
     D:1: 1963 daAuts
     D:2: 6 daAuts
